 Dungeon Crawl Stone Soup version 0.27.1-33-g824d729ab1 (webtiles) character file.

Game seed: 9154559113041229635

26 Grabarz the Ruffian (level 2, -1/23 HPs)
             Began as a Draconian Transmuter on Dec 3, 2021.
             Slain by a jackal (2 damage)
             ... on level 1 of the Dungeon.
             The game lasted 00:04:06 (230 turns).

Grabarz the Ruffian (Draconian Transmuter)           Turns: 230, Time: 00:04:07

Health: -1/23      AC:  4    Str: 12    XL:     2   Next: 89%
Magic:  5/5        EV: 12    Int: 13    God:
Gold:   15         SH:  0    Dex: 11    Spells: 4/5 levels left

rFire    . . .     SeeInvis .     - Unarmed
rCold    . . .     Faith    .   (no shield)
rNeg     . . .     Spirit   .   (armour unavailable)
rPois    .         Reflect  .   (helmet restricted)
rElec    .         Harm     .   (no cloak)
rCorr    .         Rampage  .   (no gloves)
Will     .....                  (no boots)
Stlth    +.........             (no amulet)
HPRegen  0.07/turn              (no ring)
MPRegen  0.09/turn              (no ring)

@: no status effects
A: AC +4, unfitting armour, cold-blooded
a: no special abilities


You were on level 1 of the Dungeon.
You visited 1 branch of the dungeon, and saw 1 of its levels.

You collected 15 gold pieces.

You aren't carrying anything.


   Skills:
 + Level 1.1 Fighting
 + Level 2.0 Dodging
 + Level 3.6 Unarmed Combat
 + Level 2.2 Spellcasting
 + Level 2.1 Transmutations


You had 4 spell levels left.
You knew the following spells:

 Your Spells              Type           Power      Damage    Failure   Level
a - Beastly Appendage     Tmut           14%        N/A       11%         1

Your spell library contained the following spells:

 Spells                   Type           Power      Damage    Failure   Level
 Wereblood                Tmut           7%         N/A       16%         2
 Spider Form              Tmut/Pois      2%         N/A       43%         3
 Ice Form                 Ice/Tmut       4%         N/A       85%         4


Dungeon Overview and Level Annotations

Branches:
Dungeon (1/15)

Altars:


Innate Abilities, Weirdness & Mutations

Your plain brown scales are hard. (AC +4)
You cannot fit into any form of body armour.
You are cold-blooded and may be slowed by cold attacks.


Message History

You barely miss the quokka.
Your tail-slap misses the quokka.
The quokka barely misses you.
You closely miss the quokka. Your kick misses the quokka.
You tail-slap the quokka, but do no damage.
The quokka bites you.
* * * LOW HITPOINT WARNING * * *
You hit the quokka. Your kick misses the quokka.
Your headbutt misses the quokka.
Your tail-slap misses the quokka.
The quokka is severely wounded.
The quokka bites you but does no damage.
You barely miss the quokka.
The quokka is severely wounded.
The quokka bites you.
* * * LOW HITPOINT WARNING * * *
You hit the quokka.
You kill the quokka!
Your horns disappear.
Your talons disappear.
The bat hits you but does no damage.
You hit the bat.
The bat is moderately wounded.
The bat hits you but does no damage. The bat misses you.
You hit the bat.
The bat is heavily wounded.
The bat barely misses you.
You hit the bat.
You kill the bat!
The endoplasm closely misses you.
You hit the endoplasm but do no damage. The endoplasm barely misses you.
You barely miss the endoplasm. The endoplasm hits you.
* * * LOW HITPOINT WARNING * * *
You hit the endoplasm.
The endoplasm is almost dead.
The endoplasm barely misses you.
You hit the endoplasm.
You kill the endoplasm!
You barely miss the jackal. The jackal completely misses you.
You hit the jackal.
You kill the jackal!
The jackal bites you.
You die...

..........# ##..#
..........# #..#
(.........####..#
......##...#....##
..........)......#
......J..........###
.................^.#
......#....##..###.#
...............h@#)####
........########†.....#
........####........###
...#.####.........#.#
####.##...#.........#
#. #.<.#......#.....
#...#.##...##.##..
#####.##...# .# .
...........


You could see a jackal.

Vanquished Creatures
  A gnoll (D:1)
  An endoplasm (D:1)
  A giant cockroach (D:1)
  A goblin (D:1)
  6 jackals (D:1)
  A quokka (D:1)
  2 bats (D:1)
  2 kobolds (D:1)
15 creatures vanquished.

Notes
Turn   | Place    | Note
-------+----------+-------------------------------------------
     0 | D:1      | Grabarz the Draconian Transmuter began the quest for the
                  | Orb.
     0 | D:1      | Reached XP level 1. HP: 16/16 MP: 3/3
    38 | D:1      | Reached XP level 2. HP: 14/23 MP: 3/5
   226 | D:1      | HP: 1/23 [endoplasm (2)]
   230 | D:1      | Slain by a jackal

Illustrated notes

Levels and vault maps discovered:
D:1:      amcnicky_arrival_single_pillar, layout_rooms

Skill      XL: |  1  2 |
---------------+-------+-----
Dodging        | 2 |  2.0
Fighting       | |  1.1
Unarmed Combat | |  3.6
Spellcasting   | |  2.2
Transmutations | |  2.1

Action                   || total
-------------------------++-------
Melee: Unarmed           ||    52
       Kick              ||     7
       Headbutt          ||     4
       Tailslap          ||     2
       Punch             ||     1
 Cast: Beastly Appendage ||     6
Armor: Skin              ||    21
Dodge: Dodged            ||    41
